 Dungeon Crawl Stone Soup version 0.31-a0-188-g5e087ee2ca (webtiles) character file.

Game seed: 3417187422545074774

32 qw the Shooter (level 3, -2/20 HPs)
             Began as a Deep Elf Hunter on June 23, 2023.
             Slain by Terence
             ... wielding a +0 falchion
              (5 damage)
             ... on level 2 of the Dungeon.
             The game lasted 00:00:17 (636 turns).

qw the Shooter (Deep Elf Hunter)                     Turns: 636, Time: 00:00:18

Health: -2/20      AC:  6    Str: 10    XL:     3   Next: 10%
Magic:  5/5        EV:  9    Int: 13    God:
Gold:   38         SH:  0    Dex: 18    Spells: 2/2 levels left

rFire   . . .        Y - +0 shortbow
rCold   . . .        (shield currently unavailable)
rNeg    . . .        d - +0 scale mail
rPois   .            (no helmet)
rElec   .            (no cloak)
rCorr   .            (no gloves)
SInv    .            (no boots)
Will    .....        (no amulet)
Stlth   +            (no ring)
HPRegen 0.23/turn    (no ring)
MPRegen 0.09/turn

%: no passive effects
@: weak-willed
A: no striking features
a: no special abilities


You were on level 2 of the Dungeon.
You visited 1 branch of the dungeon, and saw 2 of its levels.

You collected 38 gold pieces.


   Skills:
 - Level 1.5 Fighting
 + Level 6.7 Ranged Weapons
 - Level 2.4 Dodging
 - Level 1.2 Stealth


You had 2 spell levels left.
You didn't know any spells.
Your spell library was empty.

Inventory:

Hand Weapons
 Y - a +0 shortbow (weapon)
Armour
 d - a +0 scale mail (worn)
Scrolls
 k - 2 scrolls of teleportation
Potions
 f - a potion of degeneration {unknown}
 i - a potion of ambrosia {unknown}
 j - a potion of resistance {unknown}

Dungeon Overview and Level Annotations

Branches:
Dungeon (2/15)

Altars:

Shops:
D:1 !

Annotations:
D:2 Terence


Message History

You shoot an arrow. The arrow hits the dart slug.
You kill the dart slug!
A bat comes into view.
You shoot an arrow.
The arrow hits the bat but does no damage.
You hear a shout!
Terence the Incautious comes into view.
He is wielding a +0 falchion.
You shoot an arrow. The arrow closely misses Terence.
The bat hits you but does no damage.
You shoot an arrow. The arrow closely misses Terence.
The bat hits you but does no damage. Terence barely misses you.
You shoot an arrow.
The arrow hits Terence but does no damage.
The bat barely misses you. Terence hits you with a +0 falchion.
Terence closely misses you.
You shoot an arrow. The arrow barely misses Terence.
The bat barely misses you. The bat hits you but does no damage.
Terence barely misses you. The bat closely misses you.
You shoot an arrow. The arrow barely misses Terence.
The bat barely misses you. x2; Terence hits you with a +0 falchion.
The bat barely misses you. Terence hits you with a +0 falchion.
You shoot an arrow.
The arrow hits Terence but does no damage.
The bat barely misses you. Terence closely misses you.
You shoot an arrow. The arrow closely misses Terence.
The bat closely misses you. The bat hits you.
Terence hits you with a +0 falchion.
You shoot an arrow. The arrow hits Terence.
Terence is lightly wounded.
The bat hits you but does no damage. Terence hits you but does no damage.
Terence hits you with a +0 falchion.
You shoot an arrow.
The arrow hits Terence but does no damage.
Terence is lightly wounded.
The bat hits you but does no damage. Terence hits you but does no damage.
You shoot an arrow. The arrow hits Terence!
Terence is moderately wounded.
The bat hits you. Terence hits you with a +0 falchion.
The bat barely misses you. Terence hits you with a +0 falchion.
You die...

#......#
#......#
#......# ......#
#### .....#
..... ..#.######
......#@........
.......@b.......
....#.##........
# # #<.....%..
#.#+###### #.#
#.# #.# #.# #.#


You could see Terence and a bat.

Vanquished Creatures
  2 dart slugs
  3 endoplasms (D:1)
  3 goblins (D:1)
  5 hobgoblins (D:1)
  4 jackals (D:1)
  3 ball pythons (D:1)
  A frilled lizard (D:1)
  3 kobolds (D:1)
  2 rats (D:1)
26 creatures vanquished.

Notes
Turn   | Place    | Note
-------+----------+-------------------------------------------
     0 | D:1      | qw the Deep Elf Hunter began the quest for the Orb.
     0 | D:1      | Reached XP level 1. HP: 12/12 MP: 3/3
     0 | D:1      | 0 ||| qw: Version: 0.3-a-9-g12657ce
     0 | D:1      | 0 ||| qw: Game counter: 4046
     0 | D:1      | 0 ||| qw: Always use a shield: true
     0 | D:1      | 0 ||| qw: God list: Okawaru
     0 | D:1      | 0 ||| qw: Allow faded altars: false
     0 | D:1      | 0 ||| qw: Do Orc after D:15 true
     0 | D:1      | 0 ||| qw: Do second Lair branch before Depths: true
     0 | D:1      | 0 ||| qw: Lair rune preference: random
     0 | D:1      | 0 ||| qw: Plans: Normal
     0 | D:1      | 0 ||| PLANNING D:1-11
    90 | D:1      | Reached XP level 2. HP: 16/16 MP: 4/4
    91 | D:1      | Reached skill level 6 in Ranged Weapons
   152 | D:1      | Found Mesahousch's Distillery.
   155 | D:1      | 155 ||| SHOPLISTING potion of curing (36 gold, have 9).
   155 | D:1      | 155 ||| SHOPLISTING potion of heal wounds (60 gold, have
                  | 9).
   155 | D:1      | 155 ||| SHOPLISTING potion of might (48 gold, have 9).
   155 | D:1      | 155 ||| SHOPLISTING potion of mutation (96 gold, have 9).
   155 | D:1      | 155 ||| SHOPLISTING potion of resistance (120 gold, have
                  | 9).
   450 | D:1      | Reached XP level 3. HP: 20/20 MP: 5/5
   595 | D:1      | 595 ||| UPGRADING to +0 scale mail.
   605 | D:1      | 605 ||| DROPPING +0 leather armour.
   606 | D:1      | 606 ||| READING scroll labelled PACWAIMUAN.
   607 | D:1      | 607 ||| READING scroll labelled AGAEZX QAGI.
   608 | D:1      | 608 ||| READING scroll labelled SOTECO ARES.
   609 | D:1      | 609 ||| READING 3 scrolls labelled OJUCRO ETUQ.
   614 | D:1      | 614 ||| DROPPING scroll of butterflies.
   626 | D:2      | Noticed Terence
   636 | D:2      | HP: 3/20 [Terence/+0 falchion (4)]
   636 | D:2      | Slain by Terence

Levels and vault maps discovered:
D:1:      dpeg_arrival_rooms_with_view, layout_basic, serial_shops, shop,
          chequers_garden
D:2:      layout_basic, serial_shops, nicolae_shop_mannequins,
          basic_ecumenical_altar, uniq_terence

Skill      XL: |  1  2 |
---------------+-------+-----
Ranged Weapons | 6 |  6.7
Fighting       | |  1.5
Dodging        | |  2.4
Stealth        | |  1.2

Action                     || total
---------------------------++-------
   Fire: Shortbow          ||    75
    Use: Scroll            ||     4
 Armour: Leather armour    ||    11
         Scale mail        ||     7
  Dodge: Dodged            ||    31

Table legend:
 A = Non-vault XP
 B = Vault XP
 C = Vault XP percentage of total XP
 D = Non-vault monster count
 E = Vault monster count
 F = Vault count percentage of total count
                 A         B        C        D         E       F
            +---------+---------+-------+---------+---------+-------
      Total |      45 |       2 |   4.3 |      24 |       2 |   7.7
            +---------+---------+-------+---------+---------+-------
        D:1 |      41 |       2 |   4.7 |      23 |       2 |   8.0
        D:2 |       4 |       0 |   0.0 |       1 |       0 |   0.0
            +---------+---------+-------+---------+---------+-------
